 Dungeon Crawl Stone Soup version 0.29.1-14-g9c671dbff4 (webtiles) character file.

Game seed: 6212441169533746756

58 leafyfresh the Covert (level 4, -2/31 HPs)
             Began as an Octopode Delver on Feb 14, 2023.
             Killed from afar by a white imp (10 damage)
             ... with a puff of frost
             ... on level 5 of the Dungeon.
             The game lasted 00:02:33 (837 turns).

leafyfresh the Covert (Octopode Delver)              Turns: 837, Time: 00:02:33

Health: -2/31      AC:  1    Str: 11    XL:     4   Next: 1%
Magic:  4/4        EV: 13    Int: 14    God:
Gold:   20         SH:  0    Dex: 13    Spells: 3/3 levels left

rFire   . . .      SeeInvis .   h - +0 dagger
rCold   . . .      Faith    .   (no shield)
rNeg    . . .      Spirit   .   (helmet restricted)
rPois   .          Reflect  .   (no amulet)
rElec   .          Harm     .   (no ring)
rCorr   .          Rampage  .   (no ring)
Will    .....                   (no ring)
Stlth   +++++.....              (no ring)
HPRegen 0.10/turn               (no ring)
MPRegen 0.09/turn               (no ring)
                                (no ring)
                                (no ring)

@: no status effects
A: almost no armour, amphibious, 8 rings, camouflage 1, gelatinous body 1,
(nimble swimmer 1), tentacles
a: no special abilities


You were on level 5 of the Dungeon.
You visited 1 branch of the dungeon, and saw 1 of its levels.

You collected 20 gold pieces.

Inventory:

Hand Weapons
 a - a +0 short sword
 g - a +0 club
 h - a +0 dagger (weapon)
Wands
 f - a wand of digging (3)
Scrolls
 b - a scroll of fog
 c - a scroll of magic mapping
Potions
 e - a potion of haste


   Skills:
 - Level 3.0 Fighting
 - Level 2.0 Short Blades
 - Level 2.0 Dodging
 + Level 8.5 Stealth


You had 3 spell levels left.
You didn't know any spells.
Your spell library was empty.

Dungeon Overview and Level Annotations

Branches:
Dungeon (5/15)
 Temple: D:4-7

Altars:
Elyvilon


Innate Abilities, Weirdness & Mutations

You cannot wear most types of armour.
You are amphibious.
You can wear up to eight rings at the same time.
Your skin changes colour to match your surroundings (Stealth+).
Your rubbery body absorbs attacks. (AC +1, EV +1)
((You are camouflaged when in or above water. (Stealth+)))
You have tentacles for arms and can constrict up to eight enemies at once.


Message History

The orc wizard flickers and vanishes!
Deactivating autopickup; reactivate with Ctrl-A.
Unknown command.
You start resting.
A scorpion comes into view.
A scorpion is nearby!
A scorpion is nearby!
A scorpion is nearby!
Unknown command.
The scorpion completely misses you. The scorpion misses you.
The white imp misses you. The scorpion attacks as you move away!
The scorpion stings you but does no damage.
The white imp closely misses you. The white imp attacks as you move away!
The white imp completely misses you. The white imp attacks as you move away!
The white imp barely misses you.
Found 8 stones.
The white imp gestures at you. The puff of frost hits you.
The white imp gestures at you. The puff of frost misses you.
The white imp gestures at you. The puff of frost misses you.
The white imp gestures at you. The puff of frost misses you.
The white imp gestures at you. The puff of frost hits you!
Found an encrusted silver wand.
Found 12 gold pieces.
Found 14 gold pieces.
The white imp gestures at you. The puff of frost hits you!
* * * LOW HITPOINT WARNING * * *
The white imp gestures at you. The puff of frost misses you.
The white imp shouts, "Scamper home, thou fawning fen-sucked surfacer!"
The white imp gestures at you. The puff of frost hits you!
You die...

. ####### .. #.....#
..########## #.....#
...........# #$....#
....(......# #.....#
...........# ##.....# #####
...........########.5....#..$...
...##.#......#..@...####.#......
......#.####.#.###### #.........
..##....# #.#.# #..#./....
####....## #h#.########.........
.........###(.........5.....##..
#.....#.....................# .
..##.##.##......#.........#.#
.........#>...............#.#
.###............########### #


You could see a white imp.

Vanquished Creatures
  An iguana (D:5)
  An orc wizard (D:5)
  3 orcs (D:5)
5 creatures vanquished.

Vanquished Creatures (others)
  9 plants (D:5)
9 creatures vanquished.

Grand Total: 14 creatures vanquished

Notes
Turn   | Place    | Note
-------+----------+-------------------------------------------
     0 | D:5      | leafyfresh the Octopode Delver began the quest for the Orb.
     0 | D:5      | Reached XP level 1. HP: 16/16 MP: 1/1
     6 | D:5      | Noticed an iguana
    11 | D:5      | Noticed a hound
    11 | D:5      | Noticed a black bear
    12 | D:5      | Noticed a hound
    16 | D:5      | Killed an iguana
    17 | D:5      | Reached skill level 7 in Stealth
    17 | D:5      | Reached XP level 2. HP: 16/21 MP: 2/2
    17 | D:5      | Reached XP level 3. HP: 20/26 MP: 3/3
    30 | D:5      | HP: 1/26 [hound (6)]
    36 | D:5      | Found a white marble altar of Elyvilon.
   483 | D:5      | Reached skill level 8 in Stealth
   496 | D:5      | Reached XP level 4. HP: 18/31 MP: 4/4
   791 | D:5      | Noticed a scorpion
   837 | D:5      | Killed from afar by a white imp

Illustrated notes

Levels and vault maps discovered:
D:5:      layout_rooms, nicolae_elyvilon_temple_path

Skill      XL: |  1  2  3 |
---------------+----------+-----
Stealth        | 7 8 |  8.5
Fighting       | |  3.0
Short Blades   | |  2.0
Dodging        | |  2.0

Action                   |  1- 3 |  4- 6 || total
-------------------------+-------+-------++-------
Melee: Short sword       |    22 |       ||    22
       Constrict         |     6 |       ||     6
       Punch             |     1 |       ||     1
       Tentacles         |     2 |     1 ||     3
       Dagger            |       |     2 ||     2
  Use: Scroll            |       |     1 ||     1
 Stab: Sleeping          |     1 |       ||     1
Armor: Skin              |       |     1 ||     1
Dodge: Dodged            |    25 |    11 ||    36
